 Dungeon Crawl Stone Soup version 0.22-a0-247-gbddf880 (webtiles) character file.

374 Serpenta the Sneak (level 6, -3/38 HPs)
             Began as an Octopode Ice Elementalist on Feb 25, 2018.
             Was an Initiate of Dithmenos.
             Killed from afar by Dowan (13 damage)
             ... with a puff of flame
             ... on level 6 of the Dungeon.
             The game lasted 00:11:50 (4984 turns).

Serpenta the Sneak (Octopode Ice Elementalist)      Turns: 4984, Time: 00:11:51

Health: -3/38      AC:  1    Str: 12    XL:     6   Next: 72%
Magic:  1/10       EV: 13    Int: 23    God:    Dithmenos [......]
Gold:   293        SH:  0    Dex: 14    Spells: 1/11 levels left

rFire    . . .     SeeInvis .   h - +0 dagger (venom)
rCold    . . .     Gourm    +   (no shield)
rNeg     . . .     Faith    .   (helmet restricted)
rPois    .         Spirit   .   l - amulet of the gourmand
rElec    .         Reflect  .   r - ring of resist corrosion
rCorr    +         Harm     .   (no ring)
MR       .....                  (no ring)
Stlth    ++........             (no ring)
HPRegen  0.12/turn              (no ring)
MPRegen  0.12/turn              (no ring)
                                (no ring)
                                (no ring)

@: mighty, brilliant, glowing
A: almost no armour, stealthy swim, amphibious, 8 rings, constrict 8, camouflage
1, gelatinous body 1
a: Renounce Religion


You were on level 6 of the Dungeon.
You worshipped Dithmenos.
Dithmenos was noncommittal.
You were very full.

You visited 1 branch of the dungeon, and saw 6 of its levels.

You collected 293 gold pieces.


Innate Abilities, Weirdness & Mutations

You cannot wear most types of armour.
You are very stealthy in the water. (Stealth+)
You are amphibious.
You can wear up to eight rings at the same time.
You can use your tentacles to constrict eight enemies at once.
Your skin changes colour to match your surroundings (Stealth+).
Your rubbery body absorbs attacks. (AC +1, EV +1)


   Skills:
 + Level 1.3 Fighting
 - Level 2.0 Dodging
 - Level 5.7 Stealth
 - Level 3.0 Spellcasting
 - Level 1.0 Conjurations
 + Level 5.5 Ice Magic


You had one spell level left.
You knew the following spells:

 Your Spells              Type           Power        Failure   Level  Hunger
o - Ozocubu's Armour      Chrm/Ice       ####....     1%          3    ###....
A - Freeze                Ice            ####         1%          1    None
B - Throw Frost           Conj/Ice       ####..       1%          2    ##.....
C - Throw Icicle          Conj/Ice       ####....     3%          4    ####...

Action                   |  1- 3 |  4- 6 || total
-------------------------+-------+-------++-------
Melee: Hand axe          |    10 |       ||    10
       Constrict         |     6 |    11 ||    17
       Tentacles         |     5 |     8 ||    13
       Short sword       |    27 |     2 ||    29
       Dagger            |       |    46 ||    46
 Cast: Freeze            |    22 |    46 ||    68
       Ozocubu's Armour  |       |     5 ||     5
       Throw Frost       |       |     5 ||     5
       Throw Icicle      |       |     2 ||     2
  Use: Scroll            |       |     9 ||     9
       Potion            |       |     4 ||     4
 Stab: Sleeping          |     7 |    13 ||    20
  Eat: Chunk             |     2 |    18 ||    20
       Ration            |       |     1 ||     1
Armor: Skin              |     3 |     6 ||     9
Dodge: Dodged            |    35 |    46 ||    81

Inventory:

Hand Weapons
 h - a +0 dagger of venom (weapon)
 i - a +0 rapier
Missiles
 p - 2 tomahawks of dispersal (quivered)
Jewellery
 l - an amulet of the gourmand (around mantle)
 r - a ring of resist corrosion (left tentacle)
Scrolls
 b - 2 scrolls of remove curse
 c - 2 scrolls of blinking {unknown}
 d - 2 scrolls of enchant weapon {unknown}
 f - a scroll of teleportation
 j - a scroll of noise {unknown}
 m - a scroll of random uselessness {unknown}
 n - 2 scrolls of amnesia {unknown}
 q - a scroll of immolation {unknown}
Potions
 e - 3 potions of magic
 g - a potion of brilliance
 o - 2 potions of curing
 s - a potion of haste
 u - a potion of mutation {unknown}
 v - a potion of lignification {unknown}
 w - a potion of berserk rage {unknown}
Comestibles
 a - 5 rations

####################
.....#.............#
.....'.............#
.....#.............#
.....#..........@..#
.....#.............#
..####...##....e..##
..####...#####'####
...#......# ....
...#......# .......
...#......#........#
...#......#........+
...#......#........#


You could see Dowan.

Vanquished Creatures
  2 howler monkeys
  A crimson imp (D:4)
  2 bullfrog skeletons (D:4)
  A worker ant (D:6)
  The ghost of Amnesiac the Charlatan, a weakling DEAr (D:4)
  4 gnolls (D:5)
  A howler monkey skeleton (D:4)
  4 adders
  2 shadow imps (D:5)
  A worm (D:3)
  3 dart slugs
  3 orcs
  4 ball pythons
  A giant cockroach (D:3)
  4 goblins
  3 hobgoblins
  9 jackals
  4 quokkas
  6 bats
  6 frilled lizards
  5 kobolds
  A quokka zombie (D:5)
  2 rats
70 creatures vanquished.

Vanquished Creatures (others)
  A ball python (D:2)
1 creature vanquished.

Grand Total: 71 creatures vanquished

Vault maps used:
D:1:      dpeg_arrival_boxorama
D:2:      fiery_altar_vehumet, uniq_crazy_yiuf_cottage, uniq_sigmund
D:5:      nicolae_dithmenos_the_darkroom, elyvilon_altar_3, first_ration
D:6:      nicolae_ru_great_annihilating_truth, uniq_duvessa


Message History

Something freezes you.
* * * LOW HITPOINT WARNING * * *
You feel much better.
Dowan points at you and mumbles some strange words.
You are outlined in light.
Something hits you! Something freezes you.
You hit something but do no damage. Dowan misses you. Something hits you!
Something freezes you.
You closely miss something. Dowan hits you with a dagger. Something hits you.
* * * LOW HITPOINT WARNING * * *
Something freezes you.
* * * LOW HITPOINT WARNING * * *
You feel much better. Dowan hits you but does no damage. Something hits you.
Something freezes you.
You feel very mighty all of a sudden. Dowan gestures at you while chanting.
The puff of flame hits you! Something hits you. Something freezes you.
* * * LOW HITPOINT WARNING * * *
Dowan points at you and mumbles some strange words.
The puff of flame hits you!
You die...

Notes
Turn   | Place    | Note
-------+----------+-------------------------------------------
     0 | D:1      | Serpenta the Octopode Ice Elementalist began the quest for the Orb.
     0 | D:1      | Reached XP level 1. HP: 11/11 MP: 3/3
   159 | D:1      | Reached XP level 2. HP: 9/17 MP: 1/5
   991 | D:1      | Reached XP level 3. HP: 16/21 MP: 1/6
  1325 | D:2      | Noticed Sigmund
  1431 | D:2      | Found a radiant altar of Vehumet.
  1451 | D:2      | Reached XP level 4. HP: 23/27 MP: 1/7
  1979 | D:2      | Found a runed door.
  2094 | D:3      | Learned a level 2 spell: Throw Frost
  2098 | D:3      | Learned a level 3 spell: Ozocubu's Armour
  2846 | D:3      | Reached skill level 5 in Stealth
  2846 | D:3      | Reached XP level 5. HP: 31/31 MP: 9/9
  2969 | D:4      | Noticed Amnesiac's ghost (weakling DEAr)
  3158 | D:4      | Noticed an orc warrior
  3234 | D:4      | Killed Amnesiac's ghost
  3872 | D:4      | Reached XP level 6. HP: 34/36 MP: 6/10
  3965 | D:4      | Reached skill level 5 in Ice Magic
  3999 | D:5      | Entered Level 5 of the Dungeon
  4074 | D:5      | Noticed Amnesiac's ghost (amateur DDEE)
  4270 | D:5      | Found a shadowy altar of Dithmenos.
  4281 | D:5      | Became a worshipper of Dithmenos the Shadowed
  4490 | D:5      | Found a white marble altar of Elyvilon.
  4504 | D:5      | Reached skill level 1 in Fighting
  4690 | D:6      | Noticed Dowan
  4951 | D:6      | Learned a level 4 spell: Throw Icicle
  4969 | D:6      | Noticed Duvessa
  4984 | D:6      | Killed from afar by Dowan
